 Dungeon Crawl Stone Soup version 0.26-a0-690-gcb57259078 (webtiles) character file.

Game seed: 17623303909594880466

29792 RaHiT the Fighter (level 13, -6/92 HPs)
             Began as a Demonspawn Chaos Knight on Oct 24, 2020.
             Was a Plaything of Xom.
             Mangled by a white ugly thing (24 damage)
             ... on level 14 of the Dungeon.
             The game lasted 01:48:51 (14934 turns).

RaHiT the Fighter (Demonspawn Chaos Knight)        Turns: 14934, Time: 01:48:52

Health: -6/92      AC: 21    Str: 11      XL:     13   Next: 17%
Magic:  0/24       EV:  9    Int: 17 (18) God:    Xom [.*....]
Gold:   1936       SH:  9    Dex: 13      Spells: 22/24 levels left

rFire    + + .     SeeInvis .     - Unarmed
rCold    . . .     Faith    .   e - +0 kite shield
rNeg     . . .     Spirit   +   Y - +1 fire dragon scales
rPois    .         Reflect  .   (no helmet)
rElec    .         Harm     .   P - +0 cloak
rCorr    .         Rampage  .   u - +0 pair of gloves
MR       .....                  (no boots)
Stlth    ..........             m - amulet of regeneration
HPRegen  0.65/turn              f - ring of ice
MPRegen  0.38/turn              H - ring of protection from fire

@: sanguine armour
A: hooves 2, deterioration 1, frail 1, high mp 1, shaggy fur 1, spiny 3, weak 1,
magic shield, magic regeneration, sanguine armour 1
a: Renounce Religion


You were on level 14 of the Dungeon.
You worshipped Xom.
You were a plaything of Xom.
You visited 1 branch of the dungeon, and saw 14 of its levels.
You visited the Abyss 1 time.
You also visited: Ossuary and Bailey.

You collected 2266 gold pieces.
You spent 330 gold pieces at shops.

Inventory:

Hand Weapons
 y - a +1 morningstar of freezing
Missiles
 b - 447 stones
 c - 508 arrows
 i - 6 curare-tipped darts
 k - 10 boomerangs
 s - 111 bolts
 v - 7 atropa-tipped darts
 D - a silver boomerang
 G - 47 poisoned darts (quivered)
 J - 2 throwing nets
 R - 2 javelins
 W - a boomerang of dispersal
Armour
 e - a +0 kite shield (worn)
 u - a +0 pair of gloves (worn)
 I - a +1 leather armour of cold resistance
 P - a +0 cloak (worn)
 Y - +1 fire dragon scales (worn)
Jewellery
 d - an uncursed ring of flight
 f - a ring of ice (left hand)
 m - an amulet of regeneration (around neck)
 H - a ring of protection from fire (right hand)
Wands
 B - a wand of polymorph (17)
 M - a wand of random effects (6)
 O - a wand of digging (8)
 Q - a wand of disintegration (3)
 T - a wand of iceblast (9)
 U - a wand of acid (11)
Scrolls
 a - a scroll of brand weapon {unknown}
 h - a scroll of fear
 n - 6 scrolls of enchant armour {unknown}
 o - 5 scrolls of blinking
 q - 10 scrolls of remove curse
 r - 2 scrolls of immolation
 t - 4 scrolls of teleportation
 w - 3 scrolls of fog {unknown}
 x - 4 scrolls of magic mapping
 A - 4 scrolls of enchant weapon {unknown}
 F - a scroll of noise {unknown}
 K - a scroll of random uselessness {unknown}
 L - a scroll of holy word {unknown}
 S - 3 scrolls of amnesia {unknown}
Potions
 g - 5 potions of heal wounds
 j - 4 potions of curing
 l - a potion of haste
 p - 3 potions of lignification
 C - 3 potions of brilliance
 E - 2 potions of mutation {unknown}
 N - a potion of cancellation
 V - 2 potions of ambrosia
 X - a potion of invisibility
 Z - 2 potions of magic
Miscellaneous
 z - a phial of floods


   Skills:
 * Level 10.2 Fighting
 + Level 6.3 Throwing
 + Level 6.7 Armour
 + Level 6.5 Dodging
 + Level 6.2 Shields
 * Level 9.5 Unarmed Combat
 + Level 6.2 Spellcasting
 * Level 5.4 Transmutations
 + Level 7.0 Evocations


You had 22 spell levels left.
You knew the following spells:

 Your Spells              Type           Power        Failure   Level
a - Wereblood             Tmut           ###.....     41%         2

Your spell library contained the following spells:

 Spells                   Type           Power        Failure   Level
 Beastly Appendage        Tmut           ###...       28%         1
 Shock                    Conj/Air       #...         95%         1
 Spider Form              Tmut/Pois      ##........   95%         3
 Swiftness                Air            #.......     99%         2
 Static Discharge         Conj/Air       #.......     100%        3
 Airstrike                Air            #.........   100%        4
 Ice Form                 Ice/Tmut       ###.....     100%        4
 Blade Hands              Tmut           ###.......   100%        5
 Lightning Bolt           Conj/Air       #.........   100%        5


Dungeon Overview and Level Annotations

Branches:
Dungeon (14/15)            Temple (0/1) D:4            Lair (0/6) D:11
    Orc (0/2) D:10         Vaults (0/5) D:14        Ossuary (visited)
 Bailey (visited)

Altars:
Makhleb
Okawaru
Sif Muna
Uskayaw
Vehumet
Wu Jian
Xom

Shops:
D:12 !

Portals:
Trove: D:13 (give +2 storm dragon scales)

Annotations:
D:2 need dig ?


Innate Abilities, Weirdness & Mutations

You have hoof-like feet.
You are completely covered in sharp spines.
When hurt, damage is shared between your health and your magic reserves.
You regenerate magic rapidly.
When seriously injured, your bleeding wounds create armour. (AC +6)
Your body sometimes deteriorates upon taking damage.
You are frail. (-10% HP)
You have an increased reservoir of magic. (+10% MP)
You are covered in fur. (AC +1)
You are weak. (Str -2)


Message History

The white ugly thing is lightly wounded.
The white ugly thing is struck by your spines.
The white ugly thing tentacle-slaps you.
The white ugly thing freezes you!!
You hit the white ugly thing but do no damage.
The white ugly thing is moderately wounded.
The white ugly thing tentacle-slaps you!
The white ugly thing freezes you!!
Your blood congeals into armour.
You punch the white ugly thing! You kick the white ugly thing.
The white ugly thing is heavily wounded.
You punch the white ugly thing!
The white ugly thing is severely wounded.
The white ugly thing tentacle-slaps you.
The white ugly thing freezes you!!
* * * LOW HITPOINT WARNING * * *
You feel better.
The white ugly thing tentacle-slaps you!
* * * LOW HITPOINT WARNING * * *
The white ugly thing freezes you!!
You die...

....###.##..#8.8.8.##,*.#.*
*,,, ....#
#.#..##..#####,**,**,* , ....#
#...##.####,,***,,,*** * *
....###..##.###.,**,*,,8,,*,,
,*
......#..##.##(####*,,,,,,,, ,
*
#####.#..###.#.#..#*,,,,,,,,,,
** #.#..#*#.##(##,**,,,,,, , ,
.####.#..#,##).#.# * ,,,,,,
,,*,, .........#,
####@#*,*,.,,, ,,,* *
.....K...##,*#.u##*, *.##**,,*
* ..........##..##** **
#.#***,, * ...........##** ,*
,#.#*,* , , ..#####.....#
,,,,,*,#.#,* ,,,, .. #.#...# *
* #.# , ** . * #.##..#, , ,#D#
, #.##5.# ** #.#, , * *
#.##..#, ,,* * #.#, , *,


You could see a white ugly thing.

Vanquished Creatures
  An azure jelly (D:11)
  2 centaur warriors
  4 two-headed ogres
  2 dancing weapons
  2 death yaks (D:10)
  An unseen horror (D:14)
  3 orc knights (Bailey)
  A shining eye (D:14)
  The ghost of Kinoniko the Fighter, a novice OgBe of Trog (D:6)
  A deep elf mage (D:14)
  5 slime creatures
  7 ugly things
  A cyclops (D:14)
  2 manticores
  A gargoyle (D:11)
  A kobold demonologist (D:14)
  A freezing wraith (D:13)
  4 trolls
  A hornet (D:10)
  2 wyverns
  A redback (shapeshifter) (D:9)
  4 yaks
  A shadow (D:12)
  A wraith (D:10)
  Menkaure (D:6)
  2 water moccasins (D:11)
  6 orc warriors
  4 sky beasts
  6 ice beasts
  3 black bears
  3 phantoms
  8 centaurs
  4 ogres
  A tengu (D:4)
  5 big kobolds
  An elf zombie (Ossuary)
  6 bullfrogs
  5 scorpions
  10 killer bees
  13 wights
  8 howler monkeys
  2 centaur zombies
  2 bullfrog zombies
  5 quasits (D:6)
  7 centaur skeletons
  6 hounds
  3 jellies
  8 orc priests
  3 bullfrog skeletons
  13 orc wizards
  6 iguanas
  6 worker ants
  A big kobold zombie (Ossuary)
  5 hound zombies
  4 mummies (Ossuary)
  A killer bee simulacrum (D:9)
  4 gnolls (D:3)
  11 adders
  A river rat (D:4)
  2 shadow imps
  2 white imps
  11 oozes
  An adder skeleton (D:7)
  3 worms (D:3)
  A dart slug (D:2)
  5 leopard geckos
  58 orcs
  3 bats
  7 giant cockroaches
  4 goblins
  4 hobgoblins
  6 jackals
  6 quokkas
  3 ball pythons
  7 frilled lizards
  A jackal skeleton (D:5)
  2 jackal zombies (Ossuary)
  33 kobolds
  2 kobold zombies (Ossuary)
  An orc zombie (Ossuary)
  14 rats
  A rat zombie (Ossuary)
401 creatures vanquished.

Vanquished Creatures (collateral kills)
  A centaur skeleton (D:9)
  A polar bear (D:9)
  An ice beast (D:9)
  A sky beast (D:12)
  A wolf (D:9)
  A scorpion (D:8)
  6 wights
  A killer bee (D:12)
  An electric eel (D:9)
  An orc wizard (D:4)
  A bullfrog skeleton (D:13)
  2 orc priests
  A worker ant (D:4)
  A shadow imp (D:9)
  A white imp (D:9)
  An ufetubus (D:9)
  An adder skeleton (D:4)
  4 orcs (D:4)
  A quokka (D:11)
  A quokka zombie (D:8)
  A rat (D:11)
30 creatures vanquished.

Vanquished Creatures (others)
  3 two-headed ogres
  2 dancing weapons
  An unseen horror (D:11)
  A cyclops (D:11)
  A troll (D:9)
  A wyvern (D:9)
  2 centaurs (D:9)
  A quasit (D:9)
  A centaur skeleton (D:9)
  A hound (D:9)
  An orc wizard (D:10)
  A worker ant (D:9)
  3 gnolls (D:6)
  4 river rats (D:11)
  An adder (D:9)
  A shadow imp (D:9)
  8 orcs
  A goblin (D:3)
  A kobold (D:13)
  A rat (D:11)
  7 fungi (D:4)
  13 starspawn tentacles (Abyss:1)
  7 toadstools (D:4)
63 creatures vanquished.

Grand Total: 494 creatures vanquished

Notes
Turn   | Place    | Note
-------+----------+-------------------------------------------
     0 | D:1      | RaHiT the Demonspawn Chaos Knight began the quest for the
                  | Orb.
     0 | D:1      | Reached XP level 1. HP: 18/18 MP: 1/1
   126 | D:1      | Reached skill level 1 in Dodging
   193 | D:1      | XOM: smoke on damage
   194 | D:1      | Gained mutation: When hurt, damage is shared between your
                  | health and your magic reserves. [demonic ancestry]
   194 | D:1      | Reached XP level 2. HP: 19/24 MP: 2/2
   232 | D:1      | XOM: give mutations
   232 | D:1      | Gained mutation: You have sharp toenails. [Xom's grace]
   232 | D:1      | Gained mutation: You have a beak for a mouth. [Xom's grace]
   406 | D:1      | XOM: scenery: summon butterflies
   716 | D:1      | XOM: cloud trail
   918 | D:1      | XOM: divination: detect items
   952 | D:1      | Gained mutation: When seriously injured, your bleeding
                  | wounds create armour. (AC +6) [demonic ancestry]
   952 | D:1      | Reached XP level 3. HP: 29/29 MP: 3/3
  1480 | D:2      | XOM: 7-stop teleportation journey
  1975 | D:3      | Noticed a centaur
  1977 | D:3      | XOM: smoke on damage
  1979 | D:3      | XOM: scenery: summon butterflies
  1985 | D:3      | Killed a centaur
  1985 | D:3      | Reached skill level 1 in Throwing
  1985 | D:3      | Reached skill level 1 in Spellcasting
  1985 | D:3      | Reached skill level 1 in Evocations
  1985 | D:3      | Gained mutation: You are partially covered in sharp spines.
                  | [demonic ancestry]
  1985 | D:3      | Reached XP level 4. HP: 16/37 MP: 2/5
  1985 | D:3      | Gained mutation: You are mostly covered in sharp spines.
                  | [demonic ancestry]
  1985 | D:3      | Reached XP level 5. HP: 19/42 MP: 2/6
  1988 | D:3      | Reached skill level 1 in Shields
  2064 | D:3      | Found a radiant altar of Vehumet.
  2064 | D:3      | Found an iron altar of Okawaru.
  2071 | D:3      | Found a shimmering blue altar of Sif Muna.
  2074 | D:3      | Found a burning altar of Makhleb.
  2076 | D:3      | Found a faded altar of an unknown god.
  2175 | D:3      | XOM: destruction
  2185 | D:3      | XOM: scenery: summon butterflies
  2292 | D:3      | XOM: torment (17/42 hp)
  2753 | D:3      | XOM: give mutations
  2753 | D:3      | Gained mutation: You have razor-sharp toenails. [Xom's
                  | grace]
  2753 | D:3      | Gained mutation: Your system is resistant to poisons.
                  | (rPois) [Xom's grace]
  2863 | D:4      | Found a staircase to the Ecumenical Temple.
  2913 | D:4      | XOM: 7-stop teleportation journey
  2917 | D:4      | Reached skill level 4 in Fighting
  2917 | D:4      | Gained mutation: You regenerate magic rapidly. [demonic
                  | ancestry]
  2917 | D:4      | Reached XP level 6. HP: 48/48 MP: 8/8
  2926 | D:4      | XOM: polymorph orc wizard -> river rat
  2955 | D:4      | Reached XP level 7. HP: 31/55 MP: 5/9
  2991 | D:4      | Found a sand-covered staircase.
  2995 | Ossuary  | Entered an ossuary
  3010 | Ossuary  | XOM: 5-stop teleportation journey
  3027 | Ossuary  | XOM: butterfly on damage
  3142 | Ossuary  | XOM: give mutations
  3142 | Ossuary  | Gained mutation: You have an increased reservoir of magic.
                  | (+10% MP) [Xom's grace]
  3142 | Ossuary  | Gained mutation: You are covered in fur. (AC +1) [Xom's
                  | grace]
  3142 | Ossuary  | Gained mutation: You possess an exceptional clarity of
                  | mind. [Xom's grace]
  3487 | D:4      | XOM: polymorph kobold -> bat
  3546 | D:4      | XOM: god gift: 19 sling bullets
  3565 | D:4      | XOM: polymorph jelly -> tengu
  3573 | D:4      | XOM: scenery: 1 doors close
  3589 | D:4      | XOM: confuse monster(s)
  3735 | D:4      | Reached skill level 5 in Fighting
  3799 | D:4      | Lost mutation: You have razor-sharp toenails. [demonic
                  | ancestry]
  3799 | D:4      | Lost mutation: You have sharp toenails. [demonic ancestry]
  3799 | D:4      | Gained mutation: You have large cloven feet. [demonic
                  | ancestry]
  3799 | D:4      | Reached XP level 8. HP: 62/62 MP: 12/12
  4060 | D:5      | Entered Level 5 of the Dungeon
  4065 | D:5      | XOM: silly message
  4071 | D:4      | XOM: silly message
  4184 | D:5      | Cast into level 1 of the Abyss (kobold)
  4217 | Abyss:1  | Noticed a tentacled starspawn
  4229 | Abyss:1  | Noticed a raiju
  4229 | Abyss:1  | Noticed a raiju
  4237 | Abyss:1  | Found a corrupted altar of Lugonu.
  4246 | Abyss:1  | XOM: divination: detect creatures
  4249 | Abyss:1  | Noticed a raiju
  4253 | Abyss:1  | Found a corrupted altar of Lugonu.
  4259 | Abyss:1  | Noticed a lich
  4260 | Abyss:1  | Noticed a raiju
  4261 | Abyss:1  | XOM: confuse monster(s)
  4265 | Abyss:1  | XOM: divination: magic mapping
  4271 | Abyss:1  | XOM: potion effect (stabbing)
  4275 | Abyss:1  | Noticed a raiju
  4283 | Abyss:1  | XOM: silly message
  4297 | D:5      | Escaped the Abyss
  4308 | D:5      | XOM: potion effect (curing)
  4374 | D:5      | XOM: divination: detect creatures
  4561 | D:5      | XOM: potion effect (invisibility)
  4568 | D:5      | Reached skill level 5 in Unarmed Combat
  4770 | D:6      | XOM: noise
  4792 | D:6      | Found a transporter.
  4801 | D:6      | Noticed Kinoniko's ghost (novice OgBe)
  4871 | D:6      | Found a transporter.
  4936 | D:6      | XOM: scenery: create altars
  5039 | D:6      | Noticed Menkaure
  5051 | D:6      | Killed Menkaure
  5182 | D:6      | XOM: destruction
  5187 | D:6      | Found an ornate altar of the Wu Jian Council.
  5203 | D:6      | XOM: cloud trail
  5234 | D:6      | XOM: confuse monster(s)
  5390 | D:6      | Reached skill level 6 in Fighting
  5395 | D:6      | Killed Kinoniko's ghost
  5395 | D:6      | Reached XP level 9. HP: 69/69 MP: 11/15
  5396 | D:6      | XOM: blink monster(s)
  5701 | D:7      | XOM: summons 5 hostile demons
  5707 | D:7      | XOM: noise
  5725 | D:7      | XOM: scenery: create altars
  6002 | D:7      | XOM: give mutations
  6002 | D:7      | Gained mutation: Your skin changes colour to match your
                  | surroundings (Stealth+). [Xom's grace]
  6002 | D:7      | Gained mutation: You have a considerably increased
                  | reservoir of magic. (+20% MP) [Xom's grace]
  6123 | D:7      | XOM: 1-stop teleportation journey
  6509 | D:8      | XOM: scenery: summon butterflies
  6723 | D:8      | XOM: 1-stop teleportation journey
  6799 | D:8      | XOM: enchant monster (good)
  6876 | D:8      | XOM: give mutations
  6876 | D:8      | Lost mutation: Your skin changes colour to match your
                  | surroundings (Stealth+). [Xom's mischief]
  6876 | D:8      | Lost mutation: You possess an exceptional clarity of mind.
                  | [Xom's mischief]
  7048 | D:9      | Found a hide-covered altar of Uskayaw.
  7121 | D:9      | XOM: divination: detect creatures
  7123 | D:9      | XOM: confuse monster(s)
  7146 | D:9      | Reached skill level 7 in Fighting
  7152 | D:9      | Reached XP level 10. HP: 71/79 MP: 19/19
  7237 | D:9      | XOM: cast spell 'Shadow Creatures'
  7364 | D:9      | XOM: confuse monster(s)
  7400 | D:9      | Found a shimmering altar of Xom.
  7422 | D:9      | XOM: god gift: 24 gold pieces
  7790 | D:9      | XOM: god gift: plate armour {god gift}
  7852 | D:10     | Entered Level 10 of the Dungeon
  7858 | D:10     | You fall into a shaft and drop 3 floors!
  7860 | D:13     | Noticed a two-headed ogre
  7860 | D:13     | XOM: summons friendly iron imp
  7862 | D:13     | XOM: summons 4 friendly demons
  7866 | D:13     | XOM: potion effect (berserk rage)
  7870 | D:13     | XOM: summons 3 friendly demons
  7873 | D:13     | XOM: scenery: create altars
  7879 | D:13     | Noticed a centaur warrior
  7947 | D:11     | Noticed a gargoyle
  7954 | D:11     | Killed an unseen horror
  7961 | D:11     | Killed a gargoyle
  7963 | D:11     | XOM: noise
  7967 | D:11     | XOM: confuse monster(s)
  8019 | D:11     | Noticed a brown ugly thing
  8020 | D:11     | XOM: enchant monster (good)
  8035 | D:11     | XOM: summons friendly ufetubus
  8041 | D:11     | XOM: confuse monster(s)
  8060 | D:11     | Killed a brown ugly thing
  8078 | D:10     | XOM: destruction
  8084 | D:10     | Noticed a two-headed ogre
  8086 | D:10     | Found a flagged portal.
  8091 | D:10     | XOM: confusion (+ monsters)
  8093 | D:10     | XOM: summons 3 hostile demons
  8095 | D:10     | XOM: enchant monster (bad)
  8096 | Bailey   | Entered a bailey
  8271 | Bailey   | Noticed an orc knight
  8271 | Bailey   | Noticed an orc knight
  8271 | Bailey   | Noticed an orc knight
  8272 | Bailey   | XOM: divination: detect items
  8275 | Bailey   | Killed an orc knight
  8275 | Bailey   | Reached skill level 8 in Fighting
  8275 | Bailey   | Reached skill level 5 in Armour
  8275 | Bailey   | Reached skill level 5 in Evocations
  8292 | Bailey   | XOM: cast spell 'Summon Small Mammal'
  8303 | Bailey   | Killed an orc knight
  8336 | Bailey   | Reached XP level 11. HP: 46/86 MP: 12/21
  8524 | Bailey   | XOM: god gift: scroll labeled XARHUSTIASK {god gift}
  8551 | Bailey   | Killed an orc knight
  8551 | Bailey   | Reached skill level 5 in Dodging
  8596 | D:10     | XOM: summons 4 friendly demons
  8604 | D:10     | XOM: 10-stop teleportation journey
  8653 | D:10     | XOM: god gift: 1066 gold pieces
  8669 | D:10     | Noticed a glowing shapeshifter
  8669 | D:10     | a centaur changed into a glowing shapeshifter
  8669 | D:10     | XOM: polymorph centaur -> glowing shapeshifter
  8669 | D:10     | Noticed a mana viper
  8669 | D:10     | a glowing shapeshifter changed into a mana viper
  8677 | D:9      | a mana viper changed into a guardian serpent
  8712 | D:9      | XOM: cloud trail
  8730 | D:10     | XOM: enchant monster (good)
  8830 | D:10     | Killed a two-headed ogre
  8830 | D:10     | Reached skill level 5 in Throwing
  8913 | D:10     | XOM: destruction
  9073 | D:10     | XOM: summons 2 hostile shadow creatures
  9074 | D:10     | Found a staircase to the Orcish Mines.
  9255 | D:10     | Learned a level 2 spell: Wereblood
  9425 | D:10     | XOM: noise
  9428 | D:10     | Paralysed by a hornet for 2 turns
  9431 | D:10     | Reached skill level 5 in Shields
  9449 | D:11     | Reached skill level 5 in Spellcasting
  9502 | D:11     | XOM: enchant monster (bad)
  9515 | D:11     | Noticed a two-headed ogre
  9515 | D:11     | XOM: swap monsters
  9524 | D:11     | XOM: chaos upgrade
  9525 | D:11     | XOM: scenery: summon butterflies
  9556 | D:11     | XOM: cloud trail
  9583 | D:11     | XOM: enchant monster (bad)
  9585 | D:11     | Killed a two-headed ogre
  9585 | D:11     | Reached skill level 1 in Transmutations
  9712 | D:11     | Killed a two-headed ogre
  9718 | D:11     | Identified the +3 trident "Jayrph" {drain, Str+5}
  9725 | D:11     | XOM: summons 2 friendly demons
  9737 | D:11     | Found a staircase to the Lair.
  9740 | D:11     | Noticed a death yak
  9742 | D:11     | Noticed a death yak
  9745 | D:11     | Noticed a death yak
  9811 | D:10     | XOM: chaos cloud
  9994 | D:10     | XOM: divination: detect creatures
  9999 | D:10     | Killed a death yak
 10025 | D:10     | XOM: give mutations
 10025 | D:10     | Gained mutation: Your body sometimes deteriorates upon
                  | taking damage. [Xom's mischief]
 10025 | D:10     | Gained mutation: Your body often deteriorates upon taking
                  | damage. [Xom's mischief]
 10025 | D:10     | Gained mutation: You occasionally shout uncontrollably at
                  | your foes. [Xom's mischief]
 10025 | D:10     | Lost mutation: You have a beak for a mouth. [Xom's
                  | mischief]
 10052 | D:10     | XOM: torment (47/87 hp)
 10212 | D:11     | Noticed an azure jelly
 10212 | D:11     | a death yak changed into an azure jelly
 10212 | D:11     | XOM: polymorph death yak -> azure jelly
 10245 | D:10     | XOM: confuse monster(s)
 10251 | D:10     | Killed a death yak
 10338 | D:10     | XOM: silly message
 10348 | D:11     | Killed an azure jelly
 10348 | D:11     | Reached skill level 9 in Fighting
 10373 | D:11     | XOM: noise
 10657 | D:12     | XOM: destruction
 10668 | D:12     | XOM: potion effect (berserk rage)
 10673 | D:12     | XOM: 5-stop teleportation journey
 10676 | D:12     | XOM: summons friendly white imp
 10761 | D:12     | XOM: cast spell 'Dispersal'
 11026 | D:12     | XOM: fog
 11045 | D:12     | XOM: scenery: create altars
 11053 | D:12     | XOM: noise
 11163 | D:12     | Gained mutation: You have hoof-like feet. [demonic
                  | ancestry]
 11163 | D:12     | Reached XP level 12. HP: 95/95 MP: 24/24
 11224 | D:12     | XOM: enchant monster (bad)
 11255 | D:12     | Noticed a two-headed ogre
 11257 | D:12     | Found Xareh Uxo's Distillery.
 11270 | D:12     | Killed a two-headed ogre
 11282 | D:12     | Bought a potion of lignification for 45 gold pieces
 11282 | D:12     | Bought a potion of magic for 120 gold pieces
 11282 | D:12     | Bought a potion of flight for 45 gold pieces
 11282 | D:12     | Bought a potion of ambrosia for 120 gold pieces
 11348 | D:12     | XOM: enchant monster (good)
 11553 | D:12     | XOM: divination: detect creatures
 11573 | D:12     | XOM: silly message
 11574 | D:12     | XOM: silly message
 11581 | D:12     | XOM: silly message
 11597 | D:12     | XOM: noise
 11599 | D:12     | XOM: chaos cloud
 11599 | D:12     | XOM: butterfly on damage
 11627 | D:12     | XOM: enchant monster (bad)
 11636 | D:11     | XOM: blink monster(s)
 11639 | D:11     | XOM: confusion
 11646 | D:11     | XOM: enchant monster (bad)
 11661 | D:10     | XOM: summons 3 hostile shadow creatures
 12054 | D:13     | Killed a two-headed ogre
 12073 | D:13     | XOM: 1-stop teleportation journey
 12115 | D:13     | XOM: chaos upgrade
 12155 | D:13     | XOM: smoke on damage
 12156 | D:13     | XOM: blink monster(s)
 12157 | D:13     | XOM: noise
 12164 | D:13     | Killed a centaur warrior
 12248 | D:13     | XOM: 2-stop teleportation journey
 12355 | D:13     | XOM: give mutations
 12355 | D:13     | Lost mutation: Your system is resistant to poisons. (rPois)
                  | [Xom's mischief]
 12355 | D:13     | Gained mutation: You are frail. (-10% HP) [Xom's mischief]
 12355 | D:13     | Lost mutation: You have a considerably increased reservoir
                  | of magic. (+20% MP) [Xom's mischief]
 12356 | D:13     | XOM: give mutations
 12356 | D:13     | Gained mutation: Scrolls take you a little longer to read.
                  | [Xom's mischief]
 12356 | D:13     | Lost mutation: You occasionally shout uncontrollably at
                  | your foes. [Xom's mischief]
 12356 | D:13     | Lost mutation: Scrolls take you a little longer to read.
                  | [Xom's mischief]
 12356 | D:13     | Lost mutation: Your body often deteriorates upon taking
                  | damage. [Xom's mischief]
 12394 | D:13     | XOM: confusion
 12447 | D:13     | Found a portal to a secret trove of treasure.
 12479 | D:13     | XOM: summons 3 hostile shadow creatures
 12637 | D:13     | XOM: summons 4 hostile demons
 12733 | D:12     | XOM: polymorph white ugly thing -> purple ugly thing
 12736 | D:12     | XOM: polymorph purple ugly thing -> green ugly thing
 12738 | D:12     | XOM: cast spell 'Death Channel'
 12752 | D:12     | XOM: silly message
 12785 | D:12     | XOM: potion effect (haste)
 13218 | D:13     | XOM: summons 1 hostile shadow creature
 13733 | D:14     | XOM is BORED!
 13733 | D:14     | XOM: summons 7 hostile demons
 13881 | D:14     | XOM: give mutations
 13881 | D:14     | Gained mutation: You are agile. (Dex +2) [Xom's grace]
 13881 | D:14     | Lost mutation: You are frail. (-10% HP) [Xom's grace]
 13916 | D:14     | XOM: blink monster(s)
 13935 | D:14     | XOM: torment (47/97 hp)
 13964 | D:14     | XOM: enchant monster (good)
 14008 | D:14     | XOM: enchant monster (good)
 14010 | D:14     | XOM: enchant monster (good)
 14057 | D:14     | XOM: silly message
 14191 | D:14     | XOM: give mutation
 14191 | D:14     | Lost mutation: You are agile. (Dex +2) [Xom's mischief]
 14212 | D:14     | XOM: polymorph deep elf mage -> shining eye
 14227 | D:14     | Gained mutation: You are frail. (-10% HP) [a shining eye]
 14232 | D:14     | XOM: enchant monster (good)
 14259 | D:14     | Gained mutation: You are weak. (Str -2) [a shining eye]
 14284 | D:14     | Reached skill level 10 in Fighting
 14323 | D:14     | XOM: cleaving
 14329 | D:14     | XOM: 2-stop teleportation journey
 14340 | D:14     | Noticed a two-headed ogre
 14490 | D:14     | XOM: divination: magic mapping
 14490 | D:14     | Reached skill level 5 in Transmutations
 14491 | D:14     | XOM: cast spell 'Alistair's Intoxication'
 14500 | D:14     | Found a gate to the Vaults.
 14544 | D:14     | XOM: summons friendly white imp
 14597 | D:14     | Gained mutation: You are completely covered in sharp
                  | spines. [demonic ancestry]
 14597 | D:14     | Reached XP level 13. HP: 89/92 MP: 24/24
 14662 | D:14     | XOM: potion effect (heal wounds)
 14739 | D:14     | XOM: divine lightning
 14810 | D:14     | XOM: confuse monster(s)
 14876 | D:14     | XOM: confusion (+ monsters)
 14934 | D:14     | Mangled by a white ugly thing

Illustrated notes

Levels and vault maps discovered:
D:1:      dpeg_arrival_ratfight, layout_loops_ring,
          chequers_serial_rivers_micro_d, chequers_serial_rivers_marsh,
          kennysheep_doodads, minmay_misc_feat_columns
D:2:      layout_loops_ring, minmay_door_square, hangedman_decor_riveting,
          lightli_corner_chamber
D:3:      layout_loops_ring, chequers_temple_overflow_minitemple
D:4:      cheibrodos_fertilizer, layout_loops_ring,
          minmay_temple_entry_stoned_glass, nicolae_ossuary_entry_plus
D:5:      layout_rooms
D:6:      layout_loops_corners, lemuel_doored_altar, gammafunk_ghost_stat_death,
          patterned_corridor, uniq_menkaure
D:7:      layout_loops_ring
D:8:      layout_rooms, serial_curves, eino_curves_04, eino_curves_01,
          eino_curves_01
D:9:      layout_loops_ring, eat_drink_and_be_merry_uskayaw, serial_ice,
          serial_ice_b, serial_ice_g, serial_ice_k, serial_ice_m,
          xom_confusion_cloud
D:10:     layout_rooms, hiddenorc2_lemuel, enter_bailey_2
D:11:     layout_rooms, dpeg_lair_monsters
D:12:     layout_cave_pods, serial_shops, nicolae_shop_trees
D:13:     layout_loops_ring, trove_entry_hex_spiral, minmay_misc_feat_rows
D:14:     minmay_the_grid_octo_tiled_squarecenter_mashed
          [minmay_the_grid_octo_toaster, minmay_the_grid_octo_tetromino_candy,
          minmay_the_grid_octo_clover_2, minmay_the_grid_octo_fan_narrow,
          minmay_the_grid_square_5x5_megaprize_open,
          minmay_the_grid_square_5x5_beaten_path,
          minmay_the_grid_square_5x5_trominoes, minmay_the_grid_square_5x5_comb,
          minmay_the_grid_square_5x5_checkered_statues], layout_basic,
          erik_vaults_1

Skill      XL: |  1  2  3  4  5  6  7  8  9 10 11 12 13 |
---------------+----------------------------------------+-----
Dodging        | 1 2 3 4 5 6 |  6.5
Armour         | 2 3 4 5 6 |  6.7
Unarmed Combat | 3 4 5 6 7 8 9 |  9.5
Throwing       | 1 2 3 4 5 6 |  6.3
Spellcasting   | 1 2 3 4 5 6 |  6.2
Evocations     | 1 2 3 4 5 6 7 |  7.0
Shields        | 1 2 3 4 5 6 |  6.2
Fighting       | 4 5 6 7 8 9 10 | 10.2
Transmutations | 2 5 |  5.4

Action                   |  1- 3 |  4- 6 |  7- 9 | 10-12 | 13-15 || total
-------------------------+-------+-------+-------+-------+-------++-------
Melee: Unarmed           |   116 |    87 |   420 |   908 |    59 ||  1590
       Kick              |    13 |    14 |   101 |   243 |    12 ||   383
       Peck              |     4 |    17 |    57 |    59 |       ||   137
Throw: Stone             |    24 |     5 |       |       |       ||    29
       Dart              |     5 |     3 |     1 |    36 |     7 ||    52
       Boomerang         |     3 |    12 |    37 |   140 |       ||   192
       Javelin           |       |       |       |     2 |       ||     2
 Abil: Evoke Flight      |     1 |       |       |     1 |       ||     2
Evoke: Wand              |       |       |    13 |    32 |       ||    45
  Use: Scroll            |     3 |     4 |     9 |     9 |       ||    25
       Potion            |       |     1 |     3 |     3 |     1 ||     8
 Stab: Sleeping          |     1 |     3 |       |       |       ||     4
       Confused          |       |       |     2 |     4 |       ||     6
       Paralysed         |       |       |     8 |     3 |       ||    11
       Petrifying        |       |       |       |     1 |       ||     1
Armor: Leather armour    |    26 |       |    89 |       |       ||   115
       Robe              |     2 |     5 |     7 |       |       ||    14
       Scale mail        |       |       |    30 |    17 |       ||    47
       Plate armour      |       |       |       |   209 |       ||   209
       Fire dragon scale |       |       |       |   182 |    16 ||   198
Dodge: Dodged            |    68 |    20 |   150 |   174 |    17 ||   429
Block: Kite shield       |     1 |    30 |   163 |   344 |    14 ||   552

Table legend: (Time is in decaauts)
 A = Elapsed time spent in this place.
 B = Non-inter-level travel time spent in this place.
 C = Inter-level travel time spent in this place.
 D = Time resting spent in this place.
 E = Time spent auto-exploring this place.
 F = Levels seen in this place.
 G = Mean time per level.
                   A        B        C        D        E       F      G
               +--------+--------+--------+--------+--------+-----+--------+
         Total |  14911 |  14490 |    421 |   1366 |   3489 |  17 |  877.1 |
       Dungeon |  13994 |  13573 |    421 |   1228 |   3489 |  14 |  999.6 |
         Abyss |    113 |    113 |      0 |      0 |      0 |   1 |  113.0 |
       Ossuary |    309 |    309 |      0 |     49 |      0 |   1 |  309.0 |
        Bailey |    494 |    494 |      0 |     89 |      0 |   1 |  494.0 |
               +--------+--------+--------+--------+--------+-----+--------+

Top non-repeatable levels by time:
    D:13: 1548 daAuts
    D:12: 1419 daAuts
    D:10: 1255 daAuts
    D:14: 1113 daAuts
     D:1: 1101 daAuts
     D:9: 1025 daAuts
     D:6: 1016 daAuts
    D:11: 981 daAuts
     D:4: 932 daAuts
     D:3: 907 daAuts
     D:2: 859 daAuts
     D:7: 706 daAuts
     D:8: 667 daAuts
  Bailey: 494 daAuts
     D:5: 458 daAuts
